 Dungeon Crawl Stone Soup version 0.21.1-1-g345015f (webtiles) character file.

46 Mgcat the Insei (level 3, 0/28 HPs)
             Began as a Gnoll Transmuter on Mar 21, 2018.
             Succumbed to an adder's poison
             ... on level 2 of the Dungeon.
             The game lasted 00:02:36 (1152 turns).

Mgcat the Insei (Gnoll Transmuter)                  Turns: 1152, Time: 00:02:37

Health: 0/28       AC:  2    Str: 13    XL:     3   Next: 68%
Magic:  9/9        EV: 14    Int: 17    God:
Gold:   55         SH:  0    Dex: 15    Spells: 6/12 levels left

rFire    . . .     SeeInvis .   h - -1 spear
rCold    . . .     Gourm    .   (no shield)
rNeg     . . .     Faith    .   b - +0 robe
rPois    .         Spirit   .   (no helmet)
rElec    .         Reflect  .   (no cloak)
rCorr    .         Harm     .   (no gloves)
MR       .....                  (no boots)
Stlth    ++........             (no amulet)
HPRegen  0.09/turn              f - +2 ring of intelligence
MPRegen  0.11/turn              (no ring)

@: lethally poisoned (0 -> -3), hasted, very quick
A: distributed training, fangs 1, strong nose
a: no special abilities


You were on level 2 of the Dungeon.
You were not hungry.

You visited 1 branch of the dungeon, and saw 2 of its levels.

You collected 55 gold pieces.

Inventory:

Hand Weapons
 h - a -1 spear (weapon)
   (You found it on level 1 of the Dungeon)
Missiles
 a - 10 arrows
Armour
 b - a +0 robe (worn)
Jewellery
 f - a +2 ring of intelligence (left hand)
   (You found it on level 2 of the Dungeon)
Scrolls
 e - a scroll of identify
Books
 c - a book of Changes
Comestibles
 d - 3 rations
 j - 4 chunks of flesh {@w0}


   Skills:
 + Level 2.6 Fighting
 + Level 0.9 Short Blades
 + Level 0.9 Long Blades
 + Level 0.9 Axes
 + Level 0.9 Maces & Flails
 + Level 0.9 Polearms
 + Level 0.9 Staves
 + Level 0.9 Slings
 + Level 0.9 Bows
 + Level 0.9 Crossbows
 + Level 0.9 Throwing
 + Level 0.9 Armour
 + Level 4.5 Dodging
 + Level 0.9 Stealth
 + Level 0.9 Shields
 + Level 6.5 Unarmed Combat
 + Level 5.0 Spellcasting
 + Level 0.6 Conjurations
 + Level 0.6 Hexes
 + Level 0.6 Charms
 + Level 0.6 Summonings
 + Level 0.6 Necromancy
 + Level 0.6 Translocations
 + Level 3.8 Transmutations
 + Level 0.6 Fire Magic
 + Level 0.6 Ice Magic
 + Level 0.6 Air Magic
 + Level 0.6 Earth Magic
 + Level 0.6 Poison Magic
 + Level 1.0 Invocations
 + Level 0.9 Evocations


You had 6 spell levels left.
You knew the following spells:

 Your Spells              Type           Power        Failure   Level  Hunger
a - Beastly Appendage     Tmut           ###...       3%          1    None
b - Sticks to Snakes      Tmut           ###.....     4%          2    #......
c - Spider Form           Tmut/Pois      ##........   17%         3    ###....


Dungeon Overview and Level Annotations

Branches:
Dungeon (2/15)

Altars:


Innate Abilities, Weirdness & Mutations

Your experience applies equally to all skills.
You have very sharp teeth.
Your uncanny sense of smell can sniff out nearby items.


Message History

You butcher the hobgoblin corpse.
j - 5 chunks of flesh {@w0} (gained 2)
Things that are here:
a club; a hobgoblin skeleton
Things that are here:
a club; a hobgoblin skeleton
Things that are here:
a club; a hobgoblin skeleton An adder comes into view.
Your horns disappear.
The adder hisses angrily.
Some of the chunks of flesh in your inventory have rotted away.
Casting: Beastly Appendage
Confirm with . or Enter, or press ? or * to list all spells.
You grow a pair of large bovine horns.
Attack whom?
Press: ? - help, Dir - move target cursor, f - adder
Aim: an adder You reach to attack!
You barely miss the adder. You hit the adder.
The adder is lightly wounded.
The adder barely misses you. The adder completely misses you.
You miss the adder. You bite the adder.
The adder is moderately wounded.
Your transformation is almost over.
The adder closely misses you.
You hit the adder.
The adder is moderately wounded.
The adder closely misses you.
You miss the adder.
The adder is moderately wounded.
The adder bites you.
You are poisoned.
The adder poisons you! The adder bites you.
You are more poisoned.
The adder poisons you!
You are too injured to fight recklessly!
You are too injured to fight recklessly!
You are too injured to fight recklessly!
You are too injured to fight recklessly!
Casting: Beastly Appendage
Confirm with . or Enter, or press ? or * to list all spells.
You create a snake!
You now have 10 arrows.
You feel sick. The adder bites you.
You feel sick. The adder closely misses you.
You closely miss the adder. Your headbutt misses the adder.
Your bite misses the adder.
The adder is moderately wounded.
The adder barely misses you.
Your ball python misses the adder.
Your ball python closely misses the adder.
The adder misses you.
You hit the adder but do no damage. Your headbutt misses the adder.
The adder is moderately wounded.
You feel sick.
Your ball python misses the adder.
Your ball python completely misses the adder.
The adder bites you.
You are lethally poisoned!
The adder poisons you!
You miss the adder.
The adder is moderately wounded.
* * * LOW HITPOINT WARNING * * *
You feel sick.
Your ball python misses the adder.
Your ball python completely misses the adder.
The adder barely misses you.
Your ball python bites the adder.
Your ball python completely misses the adder.
The adder barely misses you.
You hit the adder.
The adder is heavily wounded.
* * * LOW HITPOINT WARNING * * *
You feel sick.
Your ball python barely misses the adder.
Your ball python misses the adder.
The adder barely misses you.
You hit the adder.
You kill the adder!
Your Invocations skill increases to level 1!
Your horns disappear.
* * * LOW HITPOINT WARNING * * *
You feel sick.
Unknown command.
It was a potion of haste.
You feel yourself speed up.
* * * LOW HITPOINT WARNING * * *
You feel sick.
As you read the scroll labeled SATICZ ANTUYTU, it crumbles to dust.
It is a scroll of identify.
i - a scroll of remove curse
As you read the scroll of remove curse, it crumbles to dust.
You feel as if something is helping you.
* * * LOW HITPOINT WARNING * * *
You feel sick.
There is a lethal amount of poison in your body!
* * * LOW HITPOINT WARNING * * *
You feel sick.
* * * LOW HITPOINT WARNING * * *
You feel sick.
* * * LOW HITPOINT WARNING * * *
You feel sick.
* * * LOW HITPOINT WARNING * * *
You feel sick.
* * * LOW HITPOINT WARNING * * *
You feel sick.
You die...

############
###.....#....# ####
........+....+ ...
#.....#....# ##.###
#.....)##### #....#
###......########....###
........................
###....@#########....###
####S†# ####'#### #..#
#.......# #..# #.......#
#..# ###.......## #>..
.........÷... #...
............. ##.#
#..........#.
#..........#.


You could see a friendly ball python.

Vanquished Creatures
  2 adders (D:2)
  A dart slug (D:1)
  A worm (D:2)
  5 giant cockroaches
  3 goblins (D:1)
  4 hobgoblins
  3 kobolds
  2 ball pythons (D:1)
  3 bats
  A frilled lizard (D:1)
  2 rats
27 creatures vanquished.

Notes
Turn   | Place    | Note
-------+----------+-------------------------------------------
     0 | D:1      | Mgcat the Gnoll Transmuter began the quest for the Orb.
     0 | D:1      | Reached XP level 1. HP: 17/17 MP: 6/6
   159 | D:1      | Reached XP level 2. HP: 20/23 MP: 7/7
   862 | D:2      | Reached XP level 3. HP: 7/28 MP: 7/9
   865 | D:2      | HP: 7/28 [worm (1)]
   866 | D:2      | Reached skill level 5 in Spellcasting
   870 | D:2      | Learned a level 2 spell: Sticks to Snakes
   874 | D:2      | Learned a level 3 spell: Spider Form
  1128 | D:2      | HP: 7/28 [poisoned by an adder]
  1129 | D:2      | Reached skill level 1 in Invocations
  1134 | D:2      | HP: 4/28 [poisoned by an adder]
  1140 | D:2      | HP: 2/28 [poisoned by an adder]
  1147 | D:2      | HP: 1/28 [poisoned by an adder]
  1152 | D:2      | Succumbed to an adder's poison

Skill      XL: |  1  2  3 |
---------------+----------+-----
Spellcasting   | 5 |  5.0
Invocations    | 1 |  1.0
Fighting       | |  2.6
Short Blades   | |  0.9
Long Blades    | |  0.9
Axes           | |  0.9
Maces & Flails | |  0.9
Polearms       | |  0.9
Staves         | |  0.9
Slings         | |  0.9
Bows           | |  0.9
Crossbows      | |  0.9
Throwing       | |  0.9
Armour         | |  0.9
Dodging        | |  4.5
Stealth        | |  0.9
Shields        | |  0.9
Unarmed Combat | |  6.5
Conjurations   | |  0.6
Hexes          | |  0.6
Charms         | |  0.6
Summonings     | |  0.6
Necromancy     | |  0.6
Translocations | |  0.6
Transmutations | |  3.8
Fire Magic     | |  0.6
Ice Magic      | |  0.6
Air Magic      | |  0.6
Earth Magic    | |  0.6
Poison Magic   | |  0.6
Evocations     | |  0.9

Action                   || total
-------------------------++-------
Melee: Unarmed           ||    21
       Headbutt          ||     7
       Kick              ||    13
       Punch             ||     3
       Spear             ||    68
       Bite              ||     5
 Cast: Beastly Appendage ||    14
       Sticks to Snakes  ||     2
  Use: Scroll            ||     3
       Potion            ||     2
 Stab: Sleeping          ||     3
  Eat: Chunk             ||     1
Armor: Robe              ||    12
Dodge: Dodged            ||    65

Vault maps used:
D:1:      shiori_shiawase, minmay_octomino_c4
D:2:      nicolae_overflow_hidden_temple, lemuel_round_altar,
          chequers_ecumenical_altar_simple_redux

Table legend:
 A = Turns spent in this place as a percentage of turns spent in the entire game.
 B = Non-inter-level travel turns spent in this place as a percentage of non-inter-level travel turns spent in the entire game.
 C = Inter-level travel turns spent in this place as a percentage of turns spent in this place.
 D = Turns resting spent in this place as a percentage of non-inter-level travel turns spent in this place.
 E = Turns spent auto-exploring this place as a percentage of non-inter-level travel turns spent in this place.
 F = Non-inter-level travel turns spent in this place divided by the number of levels of this place that you've seen.
                   A       B       C       D       E      F
               +-------+-------+-------+-------+-------+----------------------
         Total | 100.0 | 100.0 |   0.0 |   0.0 |  77.0 | 576.0
       Dungeon | 100.0 | 100.0 |   0.0 |   0.0 |  77.0 | 576.0
               +-------+-------+-------+-------+-------+----------------------

Table legend:
 A = Kills in this place as a percentage of kills in entire the game.
 B = Kills by you in this place as a percentage of kills by you in the entire game.
 C = Kills by friends in this place as a percentage of kills by friends in the entire game.
 D = Other kills in this place as a percentage of other kills in the entire game.
 E = Experience gained in this place as a percentage of experience gained in the entire game.
 F = Experience gained in this place divided by the number of levels of this place that you have seen.
                   A       B       C       D       E      F
               +-------+-------+-------+-------+-------+----------------------
         Total | 100.0 | 100.0 |   N/A |   N/A | 100.0 |  33.5
       Dungeon | 100.0 | 100.0 |   N/A |   N/A | 100.0 |  33.5
               +-------+-------+-------+-------+-------+----------------------
